[Event "*** Titled Tuesday 3|2 Blitz"]
[Site "Chess.com"]
[Date "2017.06.06"]
[Round "1"]
[White "TenisMaster"]
[Black "Vice64"]
[Result "1-0"]
[WhiteElo "2656"]
[BlackElo "2329"]
[TimeControl "180+2"]
[EndTime "13:57:10 PDT"]
[Termination "TenisMaster won on time"]

1. e4 c5 2. Nf3 e6 3. d4 cxd4 4.
Nxd4 Nc6 5. Nc3 Qc7 6. f4 a6 7. Nxc6 Qxc6 8. Bd3 Bc5 9. Qe2 Ne7 10. Bd2 b5 11. a3 Bb7 12. O-O-O Rc8 13. Rhf1 O-O 14. f5 exf5 15. exf5 Qxg2 16. Qh5 g6 17. Qh6 f6 18. Ne2 Rf7 19. Rg1 Bxg1 20. Rxg1 Qc6 21. fxg6 hxg6 22. Bxg6 d5 23. Bh5+ 1-0

[Event "*** Titled Tuesday 3|2 Blitz"]
[Site "Chess.com"]
[Date "2017.06.06"]
[Round "1"]
[White "the_drake"]
[Black "yurisolo"]
[Result "0-1"]
[WhiteElo "2143"]
[BlackElo "2459"]
[TimeControl "180+2"]
[EndTime "13:57:10 PDT"]
[Termination "yurisolo won by checkmate"]

1. e4 c5 2. Nf3 d6 3. d4 Nf6 4.
Nc3 cxd4 5. Nxd4 a6 6. Be3 e6 7. f3 Nc6 8. Qd2 Be7 9. Bc4 O-O 10. Bb3 Qc7 11. g4 Nxd4 12. Bxd4 b5 13. g5 Nd7 14. h4 Nc5 15. h5 b4 16. Na4 Bd7 17.
Qxb4 Nxa4 18. Bxa4 Rab8 19. Qa3 Qa5+ 20. Qc3 Qxc3+ 21.
Bxc3 Bxa4 22. b3 Rfc8 23. Bd4 Bd7 24. g6 Rxc2 25. gxh7+ Kxh7 26. h6 g6 27. Kd1 Rbc8 28. Be3 Bf6 29. Rc1 Rxa2 30. f4 Rxc1+ 31. Bxc1 Bc6 32.
Re1 Bh4 33. Re3 Bf2 34. Rf3 Bxe4 35. Rc3 Bf5 36. Rc7 Bg4# 0-1

[Event "*** Titled Tuesday 3|2 Blitz"]
[Site "Chess.com"]
[Date "2017.06.06"]
[Round "1"]
[White "axvesik"]
[Black "Jadeit90"]
[Result "1-0"]
[WhiteElo "2489"]
[BlackElo "2147"]
[TimeControl "180+2"]
[EndTime "13:57:11 PDT"]
[Termination "axvesik won by resignation"]

1. e4 g6 2. d4 Bg7 3. Nc3 c5 4. Nf3 cxd4 5. Nxd4 Nc6 6. Be3 Nf6 7.
Bc4 O-O 8. Bb3 d6 9. f3 Nxd4 10. Bxd4 Be6 11. Qd2 Qd7 12. Nd5 Bxd5 13. exd5 b5 14. O-O a5 15. a4 b4 16. Rfe1 Rfe8 17.
c3 bxc3 18. Bxc3 Nh5 19. Bxg7 Kxg7 20. Bc4 Rec8 21. Bb5 Qa7+ 22. Kh1 Nf6 23. Rac1 Rab8 24. Rc6 Rxc6 25. dxc6 d5 26. Rc1 Qc7 27. b4 axb4 28. Qxb4 Ra8 29. Rb1 Ne8 30. Qd4+ Nf6 31. f4 e6 32. g4 e5 33. fxe5 Ne4 34. e6+ Nf6 35. g5 1-0

[Event "*** Titled Tuesday 3|2 Blitz"]
[Site "Chess.com"]
[Date "2017.06.06"]
[Round "1"]
[White "Blitzstream"]
[Black "dtn70"]
[Result "1-0"]
[WhiteElo "2512"]
[BlackElo "2214"]
[TimeControl "180+2"]
[EndTime "13:57:18 PDT"]
[Termination "Blitzstream won by resignation"]

1. g3 Nf6 2. Bg2 g6 3. b3 Bg7 4. Bb2 O-O 5. d3 d6 6. Nd2 e5 7. e3 Bg4 8. Ne2 c6 9. h3 Be6 10. a3 Nbd7 11. c4 Nh5 12. g4 Nhf6 13. Ng3 Ne8 14. Qe2 Kh8 15. h4 h6 16. g5 h5 17.
Rf1 Nc7 18. O-O-O a5 19. f4 exf4 20. Bxg7+ Kxg7 21. exf4 Bg4 22. Nf3 Re8 23. Qb2+ Kh7 24. Rde1 Nc5 25. Qc3 a4 26. b4 Nb3+ 27. Kb2 d5 28.
Ne5 Be6 29. f5 d4 30. Qc2 Bxf5 31. Nxf5 gxf5 32. Qe2 Rxe5 33. Qxh5+ Kg7 34. Rxe5 Ne6 35. Qh6+ Kg8 36. Rexf5 Nd2 37. Rxf7 1-0

[Event "*** Titled Tuesday 3|2 Blitz"]
[Site "Chess.com"]
[Date "2017.06.06"]
[Round "1"]
[White "Aikiigm"]
[Black "Enzy63"]
[Result "1-0"]
[WhiteElo "2431"]
[BlackElo "2041"]
[TimeControl "180+2"]
[EndTime "13:57:24 PDT"]
[Termination "Aikiigm won by resignation"]

1. Nf3 Nf6 2. c4 g6 3. d4 Bg7 4. Nc3 O-O 5. Bg5 c5 6. d5 d6 7. e4 b5 8. cxb5 a6 9. a4 Qa5 10. Bd2 Nbd7 11. Be2 axb5 12. Bxb5 Ba6 13. O-O Rfb8 14.
h3 Qb6 15. Qc2 Bxb5 16. Nxb5 Ne8 17. Bc3 Nc7 18. Bxg7 Kxg7 19. Nxc7 Qxc7 20. Qc3+ Kg8 21. a5 Ra6 22. Ra3 Rb4 23. Rc1 Qb7 24. e5 Rxb2 25. e6 fxe6 26. dxe6 Nf6 27. Qd3 Qb5 28. Qc3 Ne4 29.
Qe3 Nxf2 30. Qf4 Ra8 31. Qf7+ Kh8 32. Qxe7 Qe2 33. Qf6+ Kg8 34. Qf7+ Kh8 35. Nh4 Nxh3+ 36. Rxh3 Qf2+ 37. Qxf2 1-0

[Event "*** Titled Tuesday 3|2 Blitz"]
[Site "Chess.com"]
[Date "2017.06.06"]
[Round "1"]
[White "MaestroASK"]
[Black "LazarusIcarus"]
[Result "1-0"]
[WhiteElo "2477"]
[BlackElo "2157"]
[TimeControl "180+2"]
[EndTime "13:57:25 PDT"]
[Termination "MaestroASK won by resignation"]

1. g3 Nf6 2. Bg2 g6 3. d3 Bg7 4. e4 d6 5. Nh3 O-O 6. O-O c5 7. c3 Nc6 8. f4 Bd7 9. Nf2 Rc8 10. g4 h6 11. h4 e5 12. f5 gxf5 13. exf5 Nh7 14. g5 hxg5 15. hxg5 Nxg5 16. Qg4 Nh7 17. Ne4 Nf6 18. Nxf6+ Qxf6 19. Bg5 Bxf5 20. Rxf5 Qg6 21.
Bh3 Rfe8 22. Nd2 d5 23. Raf1 Rc7 24. Bf6 Re6 25. Qxg6 fxg6 26. R5f2 Rxf6 27. Rxf6 Bxf6 28. Rxf6 Kg7 29. Rd6 d4 30. Rd7+ Rxd7 31. Bxd7 Ne7 32.
c4 Kf6 33. Ne4+ Kg7 34. Nxc5 b6 35. Ne4 Nf5 36. Kf2 Ne3 37. Ke2 Nc2 38. a3 a5 39.
Nd6 Kf6 40. Ba4 Ne3 41. Nc8 g5 42. Nxb6 g4 43. Bc6 g3 44. Nd5+ Nxd5 45. Bxd5 Kf5 46. Kf3 1-0

[Event "*** Titled Tuesday 3|2 Blitz"]
[Site "Chess.com"]
[Date "2017.06.06"]
[Round "1"]
[White "bilelou"]
[Black "Quiet_Desperation"]
[Result "0-1"]
[WhiteElo "2386"]
[BlackElo "1941"]
[TimeControl "180+2"]
[EndTime "13:57:30 PDT"]
[Termination "Quiet_Desperation won by resignation"]

1. e4 Nc6 2. Nf3 d6 3. Bb5 e5 4. d4 exd4 5. Qxd4 Bd7 6. Bxc6 bxc6 7. Nc3 Ne7 8. Bg5 f6 9. Be3 Ng6 10. h4 Ne5 11. Nxe5 fxe5 12. Qd2 Be7 13. h5 O-O 14. h6 g6 15. O-O-O a5 16. Qe2 Be6 17. Kb1 Rb8 18. Bc1 c5 19. g3 Bg5 20. f4 exf4 21. e5 f3 22. Qf2 Bxc1 23. Rxc1 dxe5 24. Qxc5 Qd6 25. Ne4 Qxc5 26. Nxc5 Bg4 27. Rh2 f2 28. Rf1 Rbd8 29. Ne4 Rd1+ 30. Rxd1 f1=Q 31. Rc1 Qf3 32. Nc3 Rb8 33. Ka1 Qxg3 34. Rhh1 Bf5 35. Nd5 e4 36. Ne7+ Kf7 37. Nc6 Rb6 38. Nd4 Qe5 39. c3 a4 40. a3 c5 41. Ne2 e3 42.
Rhf1 Rf6 43. Rfe1 Bd3 44. Ng1 e2 45. c4 Rf1 46. Nxe2 Rxe1 47. Rxe1 Bxe2 48. Rc1 Qd4 49. Rc3 Bxc4 50. Rc1 g5 51. Rf1+ Bxf1 52. Kb1 Bd3+ 0-1

[Event "*** Titled Tuesday 3|2 Blitz"]
[Site "Chess.com"]
[Date "2017.06.06"]
[Round "1"]
[White "aa175"]
[Black "Ivan11Martic"]
[Result "0-1"]
[WhiteElo "1878"]
[BlackElo "2394"]
[TimeControl "180+2"]
[EndTime "13:57:32 PDT"]
[Termination "Ivan11Martic won by checkmate"]

1. e4 c5 2. Nf3 e6 3. d4 cxd4 4. Nxd4 Nc6 5. Nc3 Qc7 6. Be3 a6 7. Be2 Nf6 8. a4 Bb4 9. Bf3 Ne5 10. Bd2 Nc4 11. O-O Nxb2 12. Qe1 Be7 13. e5 Ng8 14. Rb1 Nc4 15. Bf4 Nh6 16. Ne4 Nxe5 17. Qd2 Nf5 18. Nxf5 exf5 19. Ng3 d6 20. Bd5 O-O 21.
Rfe1 g6 22. Bh6 Rd8 23. Rb2 Bf6 24. Bg5 Bg7 25. Bxd8 Qxd8 26. Bxb7 Rb8 27. Bxc8 Rxb2 28. Bxa6 Qb6 29. Bb5 Qc5 30. Kf1 Rxc2 31. Qe3 Qc7 32. f4 Ng4 33. Qe8+ Bf8 34. h3 Qc5 35. Re2 Nh2+ 36.
Ke1 Qg1+ 37. Nf1 Qxf1# 0-1

[Event "*** Titled Tuesday 3|2 Blitz"]
[Site "Chess.com"]
[Date "2017.06.06"]
[Round "1"]
[White "Paul66666"]
[Black "olgerts_indricans"]
[Result "1/2-1/2"]
[WhiteElo "2555"]
[BlackElo "2305"]
[TimeControl "180+2"]
[EndTime "13:57:43 PDT"]
[Termination "Game drawn by agreement"]

1. d4 Nf6 2. Bg5 d5 3. e3 c5 4.
Bxf6 gxf6 5. c4 cxd4 6. exd4 dxc4 7. Bxc4 e6 8. Nf3 Bd6 9. Nc3 a6 10. O-O b5 11. Bb3 Bb7 12. d5 e5 13. Nh4 Nd7 14. Nf5 Nc5 15. Qh5 Qd7 16. Ng7+ Kd8 17. Nf5 Kc7 18. Rac1 Rag8 19. Ne4 Rg5 20. Nxg5 Qxf5 21.
Qxf7+ Kb6 22. Ne6 Nxb3 23. Qd7 Nxc1 24. Qxd6+ Ka7 25. Rxc1 Rc8 26. Nc7 Qf4 27. Qc5+ Kb8 28.
g3 Qf3 29. Qb6 Rxc7 30. Qxc7+ Ka7 31. Qc5+ Kb8 32. Qd6+ Ka8 33. Rc5 e4 34. Qe6 Qd1+ 35.
Kg2 Qf3+ 36. Kh3 Qh5+ 37. Kg2 Qf3+ 1/2-1/2

[Event "*** Titled Tuesday 3|2 Blitz"]
[Site "Chess.com"]
[Date "2017.06.06"]
[Round "1"]
[White "Spartakus1975"]
[Black "ChessNinja48"]
[Result "0-1"]
[WhiteElo "2584"]
[BlackElo "2337"]
[TimeControl "180+2"]
[EndTime "13:57:50 PDT"]
[Termination "ChessNinja48 won by resignation"]

1. e4 e5 2. Nf3 Nc6 3. Bb5 a6 4. Bxc6 dxc6 5. O-O f6 6. d4 exd4 7. Nxd4 c5 8. Ne2 Qxd1 9. Rxd1 Bd7 10. Nbc3 Ne7 11. Nf4 O-O-O 12. Nfd5 Nc6 13. Bf4 Ne5 14. Bxe5 fxe5 15. Rd2 b5 16. Rad1 b4 17. Ne2 Bd6 18. Nb6+ cxb6 19. Rxd6 Kc7 20. f3 Be6 21. Rxd8 Rxd8 22.
Rxd8 Kxd8 23. a3 a5 24. Kf2 b5 25. f4 a4 26. c3 bxa3 27. bxa3 exf4 28. Nxf4 Bc4 29.
Ke3 b4 30. cxb4 cxb4 31. Kd4 bxa3 32. Kc3 Ke7 33. g4 g6 34. g5 Kd6 35. Ng2 Ke5 36.
Ne3 Be6 37. Nc2 a2 38. Kb2 Kxe4 39. h4 Bb3 40. Nb4 Kf4 41. Nc6 Kg4 0-1

[Event "*** Titled Tuesday 3|2 Blitz"]
[Site "Chess.com"]
[Date "2017.06.06"]
[Round "1"]
[White "DanielNaroditsky"]
[Black "hermionegrangermagic"]
[Result "1-0"]
[WhiteElo "2752"]
[BlackElo "2376"]
[TimeControl "180+2"]
[EndTime "13:57:57 PDT"]
[Termination "DanielNaroditsky won by resignation"]

1. e4 c5 2. Nf3 Nc6 3. Bb5 d6 4. O-O Bd7 5. Re1 Nf6 6. c3 a6 7.
Bf1 Bg4 8. h3 Bxf3 9. Qxf3 g6 10. d3 Bg7 11. Be3 Nd7 12. Nd2 O-O 13. Qd1 b5 14.
Nf3 Nde5 15. Nd2 Nd7 16. Nf3 Nde5 17. Nh2 f5 18. d4 f4 19. Bc1 cxd4 20. cxd4 Nc4 21.
Nf3 Qb6 22. Qb3 Kh8 23. Bxc4 Na5 24. Qc3 Nxc4 25. b3 Na5 26. Bb2 Rac8 27. Qd2 Nc6 28. Rad1 e5 29. dxe5 Nxe5 30. Bxe5 dxe5 31. Rc1 Rcd8 32.
Qc2 Rd6 33. Red1 Rfd8 34. Ng5 Kg8 35. b4 h6 36. Qb3+ Kh8 37. Rxd6 Rxd6 38. Rc8+ Rd8 39. Rxd8+ 1-0

[Event "*** Titled Tuesday 3|2 Blitz"]
[Site "Chess.com"]
[Date "2017.06.06"]
[Round "1"]
[White "Setne007"]
[Black "johnathan113"]
[Result "0-1"]
[WhiteElo "2051"]
[BlackElo "2432"]
[TimeControl "180+2"]
[EndTime "13:57:57 PDT"]
[Termination "johnathan113 won by resignation"]

1. d4 g6 2. Bf4 Nf6 3. Nc3 Bg7 4.
e4 d5 5. e5 Ne4 6. Nf3 c5 7.
Bb5+ Nc6 8. O-O O-O 9. Re1 Nxc3 10. bxc3 Qa5 11. c4 Bg4 12. Bd2 Qc7 13. c3 cxd4 14. Bxc6 Qxc6 15. Nxd4 Bxd1 16. Nxc6 bxc6 17. Raxd1 dxc4 18.
Bg5 Rfd8 19. Bxe7 Rxd1 20. Rxd1 Bxe5 21. Rc1 Rb8 22. Bb4 Rb5 23. a4 Rd5 24. Kf1 a5 25.
Ba3 Rd3 26. Bb2 Rd2 27. Ba1 Ra2 28. g3 Rxa4 29. f4 Bf6 30. Ke2 Ra2+ 31. Kf3 Rxh2 32. Rb1 Ra2 0-1

[Event "*** Titled Tuesday 3|2 Blitz"]
[Site "Chess.com"]
[Date "2017.06.06"]
[Round "1"]
[White "Blitzking4444"]
[Black "TheLancer"]
[Result "0-1"]
[WhiteElo "2019"]
[BlackElo "2420"]
[TimeControl "180+2"]
[EndTime "13:58:12 PDT"]
[Termination "TheLancer won on time"]

1. e4 c5 2. Nf3 g6 3. d4 cxd4 4.
Nxd4 Bg7 5. c4 Nc6 6. Be3 Nf6 7. Nc3 d6 8. Be2 Nxd4 9. Bxd4 O-O 10. O-O a5 11.
Qd2 Bd7 12. b3 Bc6 13. f3 Nd7 14. Be3 Nc5 15. Rab1 e6 16. Rfd1 Be5 17. Bf1 Qh4 18. g3 Qe7 19. Bg2 h5 20. a3 h4 21. b4 axb4 22. axb4 Na4 23. Ne2 hxg3 24. hxg3 b5 25. f4 Bg7 26. Nd4 Bd7 27. Nxb5 Bxb5 28. cxb5 Nc3 29.
e5 Nxb1 30. Rxb1 Rad8 31. Bb6 dxe5 32. Bxd8 Rxd8 33. Qe2 exf4 34. gxf4 Bd4+ 35. Kf1 Bb6 36. Rd1 Rxd1+ 37. Qxd1 Qh4 38. Qf3 Qf6 39. Qa8+ Kg7 40. Qe4 Qb2 41. Qf3 Qxb4 42. Qc6 Qd4 0-1

[Event "*** Titled Tuesday 3|2 Blitz"]
[Site "Chess.com"]
[Date "2017.06.06"]
[Round "1"]
[White "lucasmito"]
[Black "temiksmozg"]
[Result "0-1"]
[WhiteElo "2068"]
[BlackElo "2435"]
[TimeControl "180+2"]
[EndTime "13:58:15 PDT"]
[Termination "temiksmozg won on time"]

1. e4 e6 2. d4 d5 3. Nc3 Bb4 4.
e5 c5 5. a3 Bxc3+ 6. bxc3 Ne7 7. Qg4 O-O 8. h4 f5 9. exf6 Rxf6 10. Nf3 Nbc6 11. Bg5 Rf7 12. Qh5 Qa5 13. Bd2 Bd7 14. Bd3 h6 15. Ng5 Rf6 16. Qg4 cxd4 17. cxd4 Qa4 18. f4 Qxd4 19. Rd1 Nf5 20. Bxf5 Rxf5 21.
Qh3 Raf8 22. g4 R5f6 23. Nf3 Qe4+ 24. Kf2 Rxf4 25. Bxf4 Rxf4 26. Rhe1 Qxc2+ 27. Kg3 Re4 28. Rxe4 Qxe4 29. Re1 Qc2 30. Qg2 Qc3 31. Qd2 Qxa3 32.
Kg2 Qd6 0-1

[Event "*** Titled Tuesday 3|2 Blitz"]
[Site "Chess.com"]
[Date "2017.06.06"]
[Round "1"]
[White "FearlessKing64"]
[Black "kleinebeer98"]
[Result "0-1"]
[WhiteElo "2150"]
[BlackElo "2468"]
[TimeControl "180+2"]
[EndTime "13:58:18 PDT"]
[Termination "kleinebeer98 won on time"]

1. e4 e5 2. Nf3 Nc6 3. Bc4 Nf6 4.
d4 exd4 5. e5 d5 6. Bb5 Nd7 7. O-O Be7 8. Re1 O-O 9. Bxc6 bxc6 10.
Nxd4 Nb8 11. Qf3 c5 12. Nf5 Be6 13. c4 Bxf5 14. Qxf5 d4 15. Bf4 Qd7 16. Qe4 Nc6 17.
Nd2 Qe6 18. b3 Rfe8 19. Bg3 Bf8 20. f4 Ne7 21. h3 a5 22. Bf2 a4 23. Nf3 h6 24.
Rad1 axb3 25. axb3 Ra3 26. b4 cxb4 27. Nxd4 Qxc4 28.
Nc2 Rc3 29. Nxb4 Ng6 30. g3 Qxb4 31. Rd4 Qb3 32. g4 Bc5 33. Rd2 Bxf2+ 34. Rxf2 Rxh3 35. f5 Qg3+ 36. Rg2 Qxe5 0-1

[Event "*** Titled Tuesday 3|2 Blitz"]
[Site "Chess.com"]
[Date "2017.06.06"]
[Round "1"]
[White "1stSecond"]
[Black "Jahonas"]
[Result "1-0"]
[WhiteElo "2502"]
[BlackElo "2204"]
[TimeControl "180+2"]
[EndTime "13:58:20 PDT"]
[Termination "1stSecond won by resignation"]

1. d4 Nf6 2. c4 g6 3. Nc3 d5 4. Bg5 Ne4 5. Bf4 Nxc3 6. bxc3 Bg7 7. e3 c6 8. Nf3 O-O 9. Be2 b6 10. O-O Ba6 11. cxd5 cxd5 12. Bxa6 Nxa6 13. Rc1 Nc7 14.
c4 dxc4 15. Rxc4 Nd5 16. Bg3 Rc8 17. Qb3 Qd7 18. e4 Nf6 19. Ne5 Qb7 20. d5 Nh5 21.
Nc6 Nxg3 22. hxg3 e6 23. Rfc1 exd5 24. exd5 Rc7 25. d6 Rd7 26. Ne7+ Rxe7 27. dxe7 Qxe7 28.
Rc7 Qg5 29. Rd1 Qa5 30. a4 Be5 31. Rb7 Qc5 32. Qd5 Qc2 33. f4 Bb8 34. Rd4 Qc3 35. Kh2 h5 36. Rc4 Qe1 37. Rc8 Qe6 38. Qxe6 fxe6 39.
Rxf8+ Kxf8 40. Rxb8+ 1-0

[Event "*** Titled Tuesday 3|2 Blitz"]
[Site "Chess.com"]
[Date "2017.06.06"]
[Round "1"]
[White "Shivagami"]
[Black "ArnaudovP"]
[Result "0-1"]
[WhiteElo "1985"]
[BlackElo "2415"]
[TimeControl "180+2"]
[EndTime "13:58:23 PDT"]
[Termination "ArnaudovP won on time"]

1. Nc3 d5 2. e4 d4 3. Nce2 c5 4.
Ng3 Nc6 5. Nf3 h5 6. h4 Bg4 7. Be2 e5 8. d3 Be7 9. Ng5 Nh6 10. f3 Bd7 11. Nxh5 g6 12. Ng3 Ng8 13. f4 Nh6 14. Bf3 f6 15. Nh3 Nf7 16. Nf2 exf4 17.
Bxf4 Nce5 18. h5 g5 19. Bxe5 Nxe5 20. Ng4 Qa5+ 21. Kf2 Bxg4 22. Bxg4 Nxg4+ 23. Qxg4 Qd2+ 24. Qe2 Qf4+ 25. Qf3 Qd6 26. Nf5 Qe5 27. Ng7+ Kf7 28.
h6 Kg8 29. Nf5 Bf8 30. g3 Rh7 31. Qh5 Qe8 32. Qg4 Kh8 33. Rh2 b5 34. Rah1 c4 35. Ng7 cxd3 36. Nxe8 Rxe8 37. cxd3 Rc7 38. Qf5 Rc6 39.
Kf3 a6 40. Qg6 Re7 41. h7 Bg7 42. Rh6 Rce6 43. R6h2 Rc6 44. Rd1 Re5 45. Rdd2 g4+ 0-1

[Event "*** Titled Tuesday 3|2 Blitz"]
[Site "Chess.com"]
[Date "2017.06.06"]
[Round "1"]
[White "fidetrainerNET"]
[Black "FastChance"]
[Result "0-1"]
[WhiteElo "2163"]
[BlackElo "2489"]
[TimeControl "180+2"]
[EndTime "13:58:24 PDT"]
[Termination "FastChance won by checkmate"]

1. d4 e6 2. Nf3 Nf6 3. Bg5 b6 4. c3 Bb7 5. Nbd2 c5 6. e4 h6 7. Bxf6 Qxf6 8. Bd3 d6 9. Qe2 Qe7 10. a4 a6 11. b4 Nd7 12. a5 b5 13. bxc5 dxc5 14.
O-O c4 15. Bc2 g6 16. e5 Bg7 17. Ne4 O-O 18. Nd6 Bd5 19. Nd2 Nb8 20. N2e4 Nc6 21. Nc5 Rfd8 22. f4 Rxd6 23. exd6 Qxd6 24. h4 Nxd4 25. cxd4 Bxd4+ 26. Kh1 Qxc5 27. h5 Kh7 28.
hxg6+ fxg6 29. Rad1 Bf6 30. Qg4 Rg8 31. Rfe1 Qf2 32.
Bb1 Qh4+ 33. Qxh4 Bxh4 34. Re3 Bf2 35. Rh3 Kg7 36. Rf1 Bc5 37. Rg3 Kf6 38. Rh3 h5 39.
Kh2 b4 40. g4 hxg4 41. Rh7 b3 42. Rc7 Bd4 43. Rd1 Bf2 44. Rxd5 exd5 45. Rc6+ Ke7 46.
Rxa6 c3 47. Kg2 c2 48. Bxc2 bxc2 49. Rc6 Be3 50. Rxc2 Bxf4 51. Rc6 g5 52. a6 Ra8 53.
Kf1 Kd7 54. Rg6 d4 55. Ke2 g3 56. Kf3 d3 57. Rb6 d2 58. Rb7+ Kc6 59. Rb1 Rxa6 60.
Rd1 Kd5 61. Kg4 Ke4 62. Kh3 Kf3 63. Rf1+ Ke2 64. Rh1 Rh6+ 65. Kg2 Rxh1 66. Kxh1 d1=Q+ 67. Kg2 Qf1# 0-1

[Event "*** Titled Tuesday 3|2 Blitz"]
[Site "Chess.com"]
[Date "2017.06.06"]
[Round "1"]
[White "Rating-Schmating"]
[Black "Illingworth"]
[Result "0-1"]
[WhiteElo "2347"]
[BlackElo "2704"]
[TimeControl "180+2"]
[EndTime "13:58:26 PDT"]
[Termination "Illingworth won by checkmate"]

1. e4 c6 2. Bc4 d5 3. Bb3 dxe4 4.
Qh5 g6 5. Qh4 Nf6 6. Nc3 Nbd7 7.
Nxe4 Nxe4 8. Qxe4 Nc5 9. Qe3 Nxb3 10. axb3 Bg7 11. Nf3 b6 12. O-O O-O 13. d4 Re8 14.
Bd2 Bb7 15. Bc3 Qd5 16. Rfe1 e6 17. Ne5 c5 18. f3 cxd4 19. Qxd4 Rec8 20. Qxd5 Bxd5 21.
Rad1 b5 22. b4 Rab8 23. Nd7 Rb7 24. Nc5 Bxc3 25. bxc3 Rbc7 26. Ra1 Kg7 27. Ra5 Bc4 28. Rea1 Rd8 29. Rxa7 Rxa7 30. Rxa7 Rd1+ 31. Kf2 Rc1 32. Ne4 Rxc2+ 33. Kg3 Bf1 34. Nd6 Rxg2+ 35. Kf4 g5+ 36. Ke3 e5 37. Nxf7 Re2+ 38. Kd3 Ra2+ 39. Ke4 Rxa7 40.
Nxe5 Re7 41. Kf5 Bh3+ 42. Ke4 Kf6 43. Kd4 Rxe5 44. c4 bxc4 45. b5 Rxb5 46. Kxc4 Rf5 47. Kd4 Rxf3 48. Ke4 Rf4+ 49. Ke3 Kf5 50. Ke2 Bg2 51. Ke1 Kg4 52. h3+ Kh4 53. Ke2 Kxh3 54. Ke3 Kg3 55. Ke2 h5 56. Ke1 h4 57. Kd2 Re4 58.
Kc3 Kf3 59. Kb2 g4 60. Kc1 Bf1 61. Kd2 Be2 62. Kc3 Rc4+ 63. Kd2 g3 64. Ke1 g2 65. Kd2 h3 66. Ke1 g1=Q+ 67. Kd2 Qc1# 0-1

[Event "*** Titled Tuesday 3|2 Blitz"]
[Site "Chess.com"]
[Date "2017.06.06"]
[Round "1"]
[White "Colombiano07"]
[Black "IIIlllII1llIl"]
[Result "0-1"]
[WhiteElo "2197"]
[BlackElo "2499"]
[TimeControl "180+2"]
[EndTime "13:58:26 PDT"]
[Termination "IIIlllII1llIl won by resignation"]

1. d4 Nf6 2. c3 g6 3. Bf4 Bg7 4.
e3 O-O 5. h3 d6 6. Nf3 c5 7. Nbd2 cxd4 8. exd4 Nc6 9. Bh2 Be6 10.
Bd3 Qb6 11. b3 Nd5 12. Rc1 Nxc3 13. Rxc3 Nxd4 14. Rc1 Rac8 15. Rxc8 Rxc8 16. O-O Rc3 17.
Bb1 Rc1 18. Qxc1 Ne2+ 19. Kh1 Nxc1 20. Rxc1 Qxf2 21. Bg1 Qe2 22. Re1 Qa6 23. Nd4 Qa5 24.
N2f3 Bxd4 25. Bxd4 Kf8 26. Kg1 Bd5 27. Rc1 e5 28.
Be3 Ke7 29. Nd2 Kd7 30. Nc4 Qa6 31. a4 b5 32. axb5 Qxb5 33. Nd2 Qe2 34. Bf2 Qxd2 35. Re1 f5 36. b4 a6 37. Rf1 h5 38. h4 g5 39. hxg5 h4 40. Bxf5+ Kc7 41. Bh3 Qxg5 42. Rd1 Bxg2 43. Bxg2 h3 44. Kf1 Qxg2+ 45. Ke1 Qh1+ 46. Ke2 Qxd1+ 0-1

[Event "*** Titled Tuesday 3|2 Blitz"]
[Site "Chess.com"]
[Date "2017.06.06"]
[Round "1"]
[White "anon102030"]
[Black "Abrito99"]
[Result "1-0"]
[WhiteElo "2585"]
[BlackElo "2300"]
[TimeControl "180+2"]
[EndTime "13:58:29 PDT"]
[Termination "anon102030 won by checkmate"]

1. e4 e6 2. d3 d5 3. Nd2 Nf6 4. g3 c5 5. Bg2 Nc6 6. Ne2 Be7 7. O-O O-O 8. b3 dxe4 9. dxe4 Ng4 10. Bb2 Bf6 11. Nc3 Nh6 12. Nc4 Bd4 13. Na4 b5 14. e5 Qc7 15. c3 bxa4 16. cxd4 cxd4 17.
Rc1 Bd7 18. bxa4 Rac8 19. Nd6 Rb8 20. Bxd4 Rb4 21. Bc5 Qa5 22. Bxb4 Nxb4 23. Nc4 Qd8 24. a3 Na6 25. Nd6 Qa5 26. Qd4 Bxa4 27. Rc8 Rxc8 28.
Nxc8 Nf5 29. Qxa7 Bb5 30. Rd1 h5 31. Ne7+ Nxe7 32. Qxe7 Be2 33. Rc1 Qd2 34. Rc8+ Kh7 35. Be4+ Kh6 36. Rh8# 1-0

[Event "*** Titled Tuesday 3|2 Blitz"]
[Site "Chess.com"]
[Date "2017.06.06"]
[Round "1"]
[White "AndreyOstrovskiy"]
[Black "saraswathii"]
[Result "0-1"]
[WhiteElo "2513"]
[BlackElo "2258"]
[TimeControl "180+2"]
[EndTime "13:58:30 PDT"]
[Termination "saraswathii won by resignation"]

1. e4 c5 2. Nf3 e6 3. d4 cxd4 4.
Nxd4 Nf6 5. Nc3 Nc6 6. Ndb5 Bb4 7. a3 Bxc3+ 8. Nxc3 d5 9. exd5 exd5 10. Bd3 d4 11.
Ne2 O-O 12. O-O Bg4 13. f3 Be6 14. Bg5 h6 15. Bh4 g5 16. Bg3 Qd5 17. Qd2 Rad8 18. Rae1 Bf5 19. Nc1 Rfe8 20. h4 Bg6 21. hxg5 hxg5 22.
Bxg6 fxg6 23. Nd3 Nh5 24. Bc7 Rxe1 25. Rxe1 Rf8 26. Bh2 Nf6 27. Ne5 Nh7 28. Nxg6 Rf7 29. Ne7+ Rxe7 30. Rxe7 Nxe7 31. Qe2 Kf7 32. Be5 Nc6 33.
Bh8 Nf8 34. c3 d3 35. Qd2 Ne6 36. b3 Nf4 37. c4 Qc5+ 38. Kh2 Qd6 39. g3 Ne2 40. Qxg5 d2 41. Qh5+ Kg8 42. Qe8+ Kh7 43. Qe4+ Qg6 44. Qxe2 Qc2 0-1

[Event "*** Titled Tuesday 3|2 Blitz"]
[Site "Chess.com"]
[Date "2017.06.06"]
[Round "1"]
[White "bugbug01052018"]
[Black "3f32"]
[Result "1/2-1/2"]
[WhiteElo "1939"]
[BlackElo "2399"]
[TimeControl "180+2"]
[EndTime "13:58:38 PDT"]
[Termination "Game drawn by agreement"]

1. e4 e5 2. Nf3 Nc6 3. Bb5 a6 4. Ba4 Nf6 5. O-O Be7 6. d3 b5 7.
Bb3 d6 8. c3 O-O 9. Nbd2 Na5 10. Bc2 c5 11. Re1 Re8 12. Nf1 Nc6 13. d4 cxd4 14. cxd4 exd4 15. Nxd4 Nxd4 16. Qxd4 Bb7 17. Ng3 Rc8 18. Qd3 Nd7 19. Bf4 Ne5 20. Bxe5 dxe5 21. Rad1 Qxd3 22. Bxd3 g6 23. h3 Red8 24. Kh2 Bc5 25.
f3 Bd4 26. b3 Kf8 27. Ne2 Bf2 28. Rf1 Be3 29. Bb1 Ke7 30. Bd3 Rc7 31. Bb1 Rxd1 32.
Rxd1 f6 33. Rd3 Bb6 34. Kg3 a5 35. a4 Ba6 36. Nc3 bxa4 37. Nd5+ Kf7 38. Nxc7 Bxd3 39. Bxd3 Bxc7 40. bxa4 Ke7 41. Bc4 f5 42. h4 Kf6 43. Kh3 h6 44. g4 fxg4+ 45. Kxg4 Bb6 46. Bb5 Be3 47. Be8 Bf4 48. Bd7 h5+ 49. Kh3 g5 50.
hxg5+ Kxg5 51. Be8 h4 52. Bd7 Bg3 53. Bc6 Kf4 54.
Bd5 Kxf3 55. Bc6 Ke3 56. Bd5 Kd4 57. Bc6 Kc5 58. Bd5 Be1 59. Kg4 Kd4 60. Kh3 Kd3 61. Bc6 Kc4 62. Bd5+ Kb4 63. Bc6 Kc5 64. Bd5 Kd6 65.
Kg4 Kc5 66. Kh3 Kb4 67. Bc6 Kc3 68. Bd5 Kd3 69. Bc6 Ke3 70. Bd5 Kd4 71. Bc6 Kc5 72. Bd5 Kb4 73. Bc6 Bf2 74. Kg4 Kc5 75. Bd5 Kb4 76. Bc6 h3 77. Kxh3 Kc5 78. Bd5 Bd4 79. Kg4 1/2-1/2

[Event "*** Titled Tuesday 3|2 Blitz"]
[Site "Chess.com"]
[Date "2017.06.06"]
[Round "1"]
[White "ProfCalculus"]
[Black "mwpchess"]
[Result "1-0"]
[WhiteElo "2176"]
[BlackElo "2458"]
[TimeControl "180+2"]
[EndTime "13:58:43 PDT"]
[Termination "ProfCalculus won by resignation"]

1. d4 Nf6 2. c4 e6 3. Nc3 Bb4 4.
Bg5 c5 5. d5 exd5 6. cxd5 d6 7.
e3 Nbd7 8. Bb5 Qa5 9. Bxd7+ Nxd7 10. Ne2 f6 11. Bf4 Ne5 12. a3 Bxc3+ 13. Nxc3 Bf5 14. O-O O-O 15. e4 Bg6 16. Bg3 Nf7 17. f4 h6 18. Qg4 Bh7 19. Rfe1 Rad8 20. Rad1 Rfe8 21. Bh4 Kh8 22. Qh5 Rd7 23. Rd3 b5 24. Rg3 b4 25.
Qg4 Ne5 26. fxe5 Rb7 27. exf6 bxc3 28. fxg7+ Kg8 29. bxc3 Rf7 30. Rf3 Rxg7 31. Qh5 Bg6 32. Qxh6 Rxe4 33. Rxe4 Bxe4 34. Bf6 Rxg2+ 35. Kxg2 Bxf3+ 36.
Kxf3 Qc7 37. Qg6+ Kf8 38. h4 c4 39. h5 Qb7 40. Kf4 a5 41. h6 a4 42. h7 Qxh7 43.
Qxh7 1-0

[Event "*** Titled Tuesday 3|2 Blitz"]
[Site "Chess.com"]
[Date "2017.06.06"]
[Round "1"]
[White "SabinaFoisor"]
[Black "Batica1984"]
[Result "0-1"]
[WhiteElo "2261"]
[BlackElo "2539"]
[TimeControl "180+2"]
[EndTime "13:58:44 PDT"]
[Termination "Batica1984 won by resignation"]

1. d4 Nf6 2. c4 c5 3. d5 b5 4.
cxb5 a6 5. bxa6 g6 6. Nc3 Bg7 7. Nf3 O-O 8. g3 d6 9. Bg2 Nbd7 10. Rb1 Nb6 11. b3 Bf5 12. Rb2 Ne4 13. Nxe4 Bxb2 14.
Bxb2 Bxe4 15. O-O Bxd5 16. Qc1 e5 17. Rd1 Rxa6 18. e4 Bxe4 19. Nxe5 Bxg2 20. Ng4 f6 21.
Kxg2 Rxa2 22. Qc3 Kg7 23. Bc1 Rf7 24. Bh6+ Kg8 25. Kg1 Re2 26. b4 c4 27. Qd4 d5 28. b5 Re6 29. Be3 Rd7 30. Qf4 Na4 31. Bd4 Rdd6 32. Ra1 Nb6 33. Ra7 Nd7 34. b6 Nxb6 35.
Qh6 Nd7 36. h4 Qf8 37. Qf4 h5 38. Rxd7 Rxd7 39. Nxf6+ Rxf6 40. Bxf6 Rf7 41. Qe5 Rxf6 42. Qxd5+ Qf7 43. Qd8+ Kg7 44. Qd4 Kh7 0-1